 Dungeon Crawl Stone Soup version 0.29-a0-993-g4a18f31a58 (webtiles) character file.

Game seed: 5581108777655011663

2835 Newt the Ducker (level 9, -4/73 HPs)
             Began as a Green Draconian Artificer on Aug 2, 2022.
             Was an Initiate of Gozag.
             Slain by a two-headed ogre
             ... wielding a +0 giant club
              (31 damage)
             ... on level 7 of the Dungeon.
             The game lasted 00:22:31 (8486 turns).

Newt the Ducker (Green Draconian Artificer)         Turns: 8486, Time: 00:22:32

Health: -4/73      AC:  9    Str: 17    XL:     9   Next: 45%
Magic:  6/12       EV: 15    Int: 12    God:    Gozag
Gold:   413        SH:  0    Dex: 16    Spells: 9/12 levels left

rFire   + . .      SeeInvis .   x - staff of poison
rCold   x . .      Faith    .   (no shield)
rNeg    . . .      Spirit   .   (body armour unavailable)
rPois   +          Reflect  .   h - +1 hat
rElec   .          Harm     .   (no cloak)
rCorr   .          Rampage  .   y - +0 pair of gloves {Dex+3}
Will    .....                   (no boots)
Stlth   +++.......              (no amulet)
HPRegen 0.22/turn               t - ring of fire
MPRegen 0.13/turn               (no ring)

@: no status effects
A: breathe noxious fumes, AC +7, unfitting armour, poison resistance,
cold-blooded
a: Breathe Noxious Fumes, Renounce Religion, Potion Petition, Call Merchant,
Bribe Branch


You were on level 7 of the Dungeon.
You worshipped Gozag.
Gozag was aware of your devotion.
You visited 2 branches of the dungeon, and saw 8 of its levels.

You collected 688 gold pieces.
You spent 197 gold pieces at shops.
You paid 78 gold pieces to Gozag.

Inventory:

Hand Weapons
 a - a +0 club
 m - a +0 morningstar of draining
 p - a +1 falchion of holy wrath
 r - a +3 vorpal morningstar
Missiles
 k - 8 poisoned darts
Armour
 h - a +1 hat (worn)
 o - a +0 tower shield
 y - a +0 pair of gloves of dexterity (worn)
Magical Staves
 x - a staff of poison (weapon)
Jewellery
 t - a ring of fire (left hand)
 z - a ring of fire
Wands
 c - a wand of charming (3)
 d - a wand of iceblast (3)
 j - a wand of roots (3)
Scrolls
 g - a scroll of amnesia
 q - a scroll of teleportation
 u - a scroll of magic mapping
 w - a scroll of blinking
 A - a scroll of identify
Potions
 b - 2 potions of haste {unknown}
 e - a potion of cancellation {unknown}
 f - a potion of lignification
 i - 2 potions of attraction {unknown}
 l - 5 potions of curing
 n - a potion of flight {unknown}
 s - a potion of might {unknown}
 v - 3 potions of degeneration {unknown}


   Skills:
 + Level 4.9 Fighting
 + Level 2.6 Long Blades
 - Level 4.7(5.6) Maces & Flails
 + Level 4.4(5.4) Staves
 + Level 5.9 Dodging
 - Level 3.5 Stealth
 + Level 3.1 Shields
 + Level 2.4 Spellcasting
 - Level 3.8 Conjurations
 + Level 3.0 Hexes
 + Level 2.6 Summonings
 * Level 3.0 Transmutations
 * Level 2.6 Fire Magic
 * Level 3.1 Poison Magic
 + Level 5.0 Evocations


You had 9 spell levels left.
You knew the following spells:

 Your Spells              Type           Power      Damage    Failure   Level
a - Ignite Poison         Fire/Tmut/Pois 19%        N/A       24%         3

Your spell library contained the following spells:

 Spells                   Type           Power      Damage    Failure   Level
 Magic Dart               Conj           40%        1d5       5%          1
 Beastly Appendage        Tmut           16%        N/A       8%          1
 Searing Ray              Conj           20%        2d5       9%          2
 Wereblood                Tmut           8%         N/A       12%         2
 Conjure Flame            Conj/Fire      13%        6-21      21%         3
 Spider Form              Tmut/Pois      13%        N/A       22%         3
 Fulminant Prism          Conj/Hex       4%         3d6       54%         4
 Sticky Flame             Conj/Fire      13%        2d4       56%         4
 Ozocubu's Armour         Ice            1%         N/A       61%         3
 Metabolic Englaciation   Hex/Ice        2%         N/A       98%         5
 Simulacrum               Ice/Necr       Unusable   N/A       N/A         6

Dungeon Overview and Level Annotations

Branches:
Dungeon (7/15)             Temple (1/1) D:5

Altars:
Ashenzari
Cheibriados
Dithmenos
Elyvilon
Gozag
Hepliaklqana
Kikubaaqudgha
Makhleb
Nemelex Xobeh
Okawaru
Qazlal
Ru
Trog
Uskayaw
Vehumet
Wu Jian
Xom
Yredelemnul
Zin
The Shining One

Shops:
D:2 [   D:3 :   D:4 *[   D:6 [


Innate Abilities, Weirdness & Mutations

You can breathe blasts of noxious fumes.
Your lurid green scales are hard. (AC +7)
You cannot fit into any form of body armour.
Your system is resistant to poisons. (rPois)
You are cold-blooded and may be slowed by cold attacks.


Message History

The two-headed ogre closely misses you.
You hit the two-headed ogre. You punch the two-headed ogre.
The two-headed ogre is lightly wounded.
You hit the two-headed ogre.
You envenom the two-headed ogre.
The two-headed ogre is poisoned.
You tail-slap the two-headed ogre.
The two-headed ogre is lightly wounded.
The two-headed ogre closely misses you. The two-headed ogre barely misses you.
Casting: Ignite Poison (dangerous; 24% risk of failure)
Confirm with . or Enter, or press ? or * to list all spells.
You feel a strong surge of power!
You ignite the poison in your surroundings!
The two-headed ogre seems to burn from within!!
The two-headed ogre is heavily wounded.
A kobold comes into view. It is wielding a +0 dagger.
You barely miss the two-headed ogre.
You tail-slap the two-headed ogre, but do no damage.
The two-headed ogre is heavily wounded.
The two-headed ogre barely misses you.
The two-headed ogre hits you with a +0 giant club!!
You hit the two-headed ogre but do no damage.
You envenom the two-headed ogre.
The two-headed ogre is poisoned.
The two-headed ogre is heavily wounded.
The two-headed ogre misses you. The two-headed ogre closely misses you.
You hit the two-headed ogre.
The two-headed ogre is severely wounded.
You barely miss the two-headed ogre.
The two-headed ogre is severely wounded.
A kobold comes into view. It is wielding a +0 club.
The two-headed ogre completely misses you.
The two-headed ogre hits you with a +0 giant club.
Casting: Ignite Poison (dangerous; 24% risk of failure)
Confirm with . or Enter, or press ? or * to list all spells.
You feel a strong surge of power!
You ignite the poison in your surroundings!
The two-headed ogre seems to burn from within!
The two-headed ogre is almost dead.
The kobold shouts!
The two-headed ogre hits you with a +0 giant club!!
You die...
Your body crumbles into a pile of gold.

......... ...#... ##
#....#.. ...#... ...
#....#.. .......
#P.#....... .......
###.#....... .......
#........... .......##
#...#.......
....#..K########...##......
....K.KKKO@........##......
......#######..............
..... #.......>.........
.... #................. ...
#)................ ..
#.........##...... .
####......######## $
#......# ######.#


You could see a two-headed ogre, a kobold brigand and 4 kobolds.

Vanquished Creatures
  Pikel (D:7)
  Sigmund (D:3)
  2 steam dragons
  Duvessa (D:7)
  An ice beast (D:5)
  2 black bears
  An orc warrior (D:7)
  A sky beast (D:6)
  An ogre (D:5)
  A centaur (D:6)
  2 kobold brigands (D:6)
  A necrophage (D:5)
  Blork the orc (D:5)
  Dowan (D:7)
  3 howler monkeys (D:7)
  A jelly (D:4)
  5 hounds
  4 orc priests (D:7)
  Natasha (D:3)
  6 iguanas
  3 orc wizards
  A gnoll (D:1)
  7 adders
  A white imp (D:5)
  2 ufetubi (D:6)
  A worm (D:3)
  3 dart slugs
  12 orcs
  3 endoplasms
  A giant cockroach (D:1)
  7 goblins
  5 hobgoblins
  9 jackals
  9 kobolds
  A quokka (D:2)
  7 ball pythons
  4 bats
  7 frilled lizards
  2 rats
122 creatures vanquished.

Vanquished Creatures (collateral kills)
  A steam dragon (D:7)
  An orc (D:3)
2 creatures vanquished.

Vanquished Creatures (others)
  2 orcs (D:3)
  2 kobolds (D:6)
  A ball python (D:1)
  4 demonic plants (D:5)
  11 plants (D:7)
20 creatures vanquished.

Grand Total: 144 creatures vanquished

Notes
Turn   | Place    | Note
-------+----------+-------------------------------------------
     0 | D:1      | Newt the Draconian Artificer began the quest for the Orb.
     0 | D:1      | Reached XP level 1. HP: 16/16 MP: 1/1
   537 | D:1      | Found a faded altar of an unknown god.
   651 | D:1      | Reached XP level 2. HP: 17/23 MP: 2/2
   873 | D:1      | Reached skill level 1 in Stealth
  1115 | D:2      | Reached skill level 1 in Maces & Flails
  1115 | D:2      | Reached XP level 3. HP: 16/28 MP: 3/3
  1487 | D:2      | Reached XP level 4. HP: 34/35 MP: 4/4
  1585 | D:2      | Found Fuiliu's Armour Boutique.
  1670 | D:2      | Reached XP level 5. HP: 37/45 MP: 4/8
  1726 | D:2      | You fall into a shaft and drop 1 floor!
  1846 | D:3      | Found Sanobock's Vocational Training.
  1907 | D:3      | HP: 2/45 [something/puff of flame (13)]
  2088 | D:3      | Found a hide-covered altar of Uskayaw.
  2267 | D:3      | Found a snail-covered altar of Cheibriados.
  2400 | D:3      | Noticed Natasha
  2403 | D:3      | Killed Natasha
  2647 | D:3      | Reached XP level 6. HP: 34/51 MP: 9/9
  2782 | D:3      | Noticed Sigmund
  2788 | D:3      | Killed Sigmund
  2804 | D:3      | Found a bloodstained altar of Trog.
  3243 | D:4      | Found a broken altar of Ashenzari.
  3259 | D:4      | Your scales start taking on a lurid green colour.
  3259 | D:4      | Reached XP level 7. HP: 42/58 MP: 10/10
  3259 | D:4      | Gained mutation: Your system is resistant to poisons.
                  | (rPois) [Green Draconian growth]
  3676 | D:4      | Found a shadowy altar of Dithmenos.
  3676 | D:4      | Found a sacrificial altar of Ru.
  3748 | D:4      | Found a radiant altar of Vehumet.
  3749 | D:4      | Found a hazy altar of Hepliaklqana.
  3847 | D:4      | Found Ingil's Armour Shop.
  3847 | D:4      | Found Heesivie's Armour Boutique.
  3848 | D:4      | Found Hiashozi's General Store.
  3863 | D:4      | Bought a scroll of identify for 22 gold pieces
  4408 | D:5      | Entered Level 5 of the Dungeon
  4408 | D:5      | Found a staircase to the Ecumenical Temple.
  4418 | Temple   | Entered the Ecumenical Temple
  4512 | Temple   | Became a worshipper of Gozag Ym Sagoz the Greedy
  4876 | D:5      | Reached skill level 1 in Poison Magic
  4990 | D:5      | Reached skill level 1 in Transmutations
  4990 | D:5      | Reached XP level 8. HP: 36/66 MP: 11/11
  5202 | D:5      | Reached skill level 1 in Fire Magic
  5321 | D:5      | Noticed Blork the orc
  5327 | D:5      | Killed Blork the orc
  5682 | D:6      | Reached skill level 5 in Dodging
  6261 | D:6      | Found Luusuc's Armour Shoppe.
  6269 | D:6      | Bought a +0 tower shield for 49 gold pieces
  6269 | D:6      | Bought a +0 pair of gloves of dexterity for 126 gold pieces
  7386 | D:7      | Noticed Pikel
  7425 | D:6      | HP: 1/67 [iguana (10)]
  7689 | D:6      | Learned a level 3 spell: Ignite Poison
  7698 | D:7      | Reached XP level 9. HP: 36/73 MP: 12/12
  7699 | D:7      | Killed Pikel
  7700 | D:7      | Reached skill level 5 in Evocations
  8096 | D:7      | Noticed Duvessa
  8119 | D:7      | Killed Duvessa
  8135 | D:7      | Noticed Dowan
  8410 | D:7      | Killed Dowan
  8471 | D:7      | Noticed a two-headed ogre
  8486 | D:7      | Slain by a two-headed ogre

Illustrated notes

Levels and vault maps discovered:
D:1:      dpeg_arrival_solitude, layout_loops_ring,
          nicolae_ecumenical_lake_church, serial_rivers,
          chequers_serial_rivers_small_b, chequers_serial_rivers_small_b,
          chequers_serial_rivers_micro_e, chequers_serial_rivers_marsh,
          chequers_serial_rivers_micro_e, chequers_serial_rivers_room_b
D:2:      layout_rooms, serial_shops, shop
D:3:      layout_loops_corners, bloody_trog, marbit_many_paths,
          nicolae_overflow_crystal_walls, nicolae_shop_vocational, uniq_sigmund,
          uniq_natasha
D:4:      minmay_inner_zag, layout_basic, grunt_temple_overflow_open,
          lemuel_doored_altar, gammafunk_temple_overflow_wave,
          nicolae_wooded_promenade, eino_curves_04
D:5:      layout_loops_ring, minmay_temple_entry_drinking_statues,
          dreamdust_princess_corridor, amcnicky_mini_pool_small,
          grunt_decor_one_mirror, uniq_blork_the_orc
D:6:      layout_basic, serial_shops, shop
D:7:      layout_basic, fedhas_altar_decomposition, minmay_strange_pillars,
          minivault_10, uniq_duvessa, uniq_pikel, uniq_joseph
Temple:   nicolae_temple_godzebo

Skill      XL: |  1  2  3  4  5  6  7  8  9 |
---------------+----------------------------+-----
Stealth        | 1 3 |  3.5
Maces & Flails | 1 3 4 |  4.7
Fighting       | 3 4 |  4.9
Long Blades    | 2 |  2.6
Staves         | 4 |  4.4
Dodging        | 4 5 |  5.9
Shields        | 2 3 |  3.1
Spellcasting   | 2 |  2.4
Conjurations   | 2 3 |  3.8
Hexes          | 3 |  3.0
Summonings     | 2 |  2.6
Evocations     | 4 5 |  5.0
Poison Magic   | 1 2 3 |  3.1
Transmutations | 1 2 3 |  3.0
Fire Magic     | 2 |  2.6

Action                   |  1- 3 |  4- 6 |  7- 9 || total
-------------------------+-------+-------+-------++-------
Melee: Club              |   127 |    90 |       ||   217
       Tailslap          |    10 |    20 |    34 ||    64
       Morningstar       |       |    62 |    67 ||   129
       Punch             |       |     2 |     1 ||     3
       Staff             |       |       |   195 ||   195
 Cast: Ignite Poison     |       |       |     6 ||     6
 Abil: Breathe Noxious F |       |       |     2 ||     2
Evoke: Wand              |    10 |    15 |     8 ||    33
  Use: Scroll            |     1 |     9 |     8 ||    18
       Potion            |       |     2 |     5 ||     7
 Stab: Sleeping          |     3 |     1 |     6 ||    10
       Distracted        |     1 |       |     2 ||     3
       Betrayed ally     |       |     1 |       ||     1
Armor: Skin              |    62 |    70 |    94 ||   226
Dodge: Dodged            |   130 |    84 |   222 ||   436
Block: Tower shield      |       |       |    49 ||    49

Table legend: (Time is in decaauts)
 A = Elapsed time spent in this place.
 B = Non-inter-level travel time spent in this place.
 C = Inter-level travel time spent in this place.
 D = Time resting spent in this place.
 E = Time spent auto-exploring this place.
 F = Levels seen in this place.
 G = Mean time per level.
                   A        B        C        D        E       F      G
               +--------+--------+--------+--------+--------+-----+--------+
         Total |   8577 |   8290 |    287 |   1965 |   4933 |   8 | 1072.1 |
       Dungeon |   8416 |   8143 |    273 |   1965 |   4844 |   7 | 1202.3 |
        Temple |    161 |    147 |     14 |      0 |     89 |   1 |  161.0 |
               +--------+--------+--------+--------+--------+-----+--------+

Top non-repeatable levels by time:
     D:6: 2039 daAuts
     D:4: 1428 daAuts
     D:3: 1282 daAuts
     D:1: 1126 daAuts
     D:5: 971 daAuts
     D:7: 920 daAuts
     D:2: 647 daAuts
  Temple: 161 daAuts
